 Dungeon Crawl Stone Soup version 0.22-a0-322-g60b3cfd (webtiles) character file.

4 Goblin1989 the Grasshopper (level 1, 0/16 HPs)
             Began as a Demonspawn Warper on Apr 4, 2018.
             Slain by a giant cockroach (2 damage)
             ... on level 1 of the Dungeon.
             The game lasted 00:00:30 (62 turns).

Goblin1989 the Grasshopper (Demonspawn Warper)        Turns: 62, Time: 00:00:31

Health: 0/16       AC:  3    Str: 11    XL:     1   Next: 50%
Magic:  3/3        EV: 11    Int: 14    God:
Gold:   0          SH:  0    Dex: 12    Spells: 4/4 levels left

rFire    . . .     SeeInvis .   a - +0 hand axe
rCold    . . .     Gourm    .   (no shield)
rNeg     . . .     Faith    .   b - +0 leather armour
rPois    .         Spirit   .   (no helmet)
rElec    .         Reflect  .   (no cloak)
rCorr    .         Harm     .   (no gloves)
MR       .....                  (no boots)
Stlth    +.........             (no amulet)
HPRegen  0.05/turn              (no ring)
MPRegen  0.08/turn              (no ring)

@: no status effects
A: no striking features
a: no special abilities


You were on level 1 of the Dungeon.
You were not hungry.

You visited 1 branch of the dungeon, and saw 1 of its levels.

Inventory:

Hand Weapons
 a - a +0 hand axe (weapon)
Missiles
 f - 5 tomahawks of dispersal (quivered)
Armour
 b - a +0 leather armour (worn)
Scrolls
 B - a scroll of blinking
Comestibles
 e - a ration


   Skills:
 - Level 2.0 Fighting
 + Level 2.1 Axes
 - Level 0.8 Throwing
 - Level 0.8 Armour
 - Level 1.7 Dodging
 - Level 2.0 Spellcasting
   Level 2.6 Translocations


You had 4 spell levels left.
You didn't know any spells.

Dungeon Overview and Level Annotations

Branches:
Dungeon (1/15)

Altars:


Message History

You are too injured to fight recklessly!
You are too injured to fight recklessly!
You are too injured to fight recklessly!
You are too injured to fight recklessly!
You are too injured to fight recklessly!
You are too injured to fight recklessly!
You are too injured to fight recklessly!
You are too injured to fight recklessly!
You are too injured to fight recklessly!
You are too injured to fight recklessly!
You are too injured to fight recklessly!
You are too injured to fight recklessly!
You are too injured to fight recklessly!
You are too injured to fight recklessly!
You are too injured to fight recklessly!
You are too injured to fight recklessly!
You are too injured to fight recklessly!
You are too injured to fight recklessly!
You are too injured to fight recklessly!
You are too injured to fight recklessly!
You are too injured to fight recklessly!
You are too injured to fight recklessly!
You hit the hobgoblin.
The hobgoblin is heavily wounded.
You hit the giant cockroach.
You hit the giant cockroach but do no damage.
The giant cockroach barely misses you. The giant cockroach bites you.
* * * LOW HITPOINT WARNING * * *
The hobgoblin hits you but does no damage.
You take 1 damage, and have 6/16 hp.
You closely miss the giant cockroach.
The giant cockroach is severely wounded.
You hit the giant cockroach. You hit the hobgoblin.
You kill the hobgoblin!
Your Axes skill increases to level 2!
The giant cockroach bites you.
* * * LOW HITPOINT WARNING * * *
The giant cockroach bites you.
* * * LOW HITPOINT WARNING * * *
The giant cockroach closely misses you.
The giant cockroach bites you but does no damage.
A jackal comes into view.
You take 2 damage, and have 4/16 hp.
You hit the giant cockroach.
The giant cockroach is heavily wounded.
You hit the giant cockroach.
You kill the giant cockroach!
The giant cockroach bites you but does no damage.
Unknown command.
You hit the giant cockroach.
The giant cockroach is almost dead.
The giant cockroach barely misses you. x2
You hit the giant cockroach.
The giant cockroach is almost dead.
The giant cockroach bites you but does no damage.
A jackal comes into view.
You barely miss the giant cockroach.
The giant cockroach is almost dead.
The giant cockroach barely misses you.
The jackal moves out of view.
The jackal bites you but does no damage.
The giant cockroach barely misses you.
There is a large open door here.
The jackal bites you.
* * * LOW HITPOINT WARNING * * *
You hit the jackal but do no damage. You closely miss the giant cockroach.
The giant cockroach bites you but does no damage.
The jackal closely misses you. The giant cockroach closely misses you.
Unknown command.
You barely miss the jackal. You closely miss the giant cockroach.
The jackal bites you.
* * * LOW HITPOINT WARNING * * *
The giant cockroach misses you. The jackal closely misses you.
You take 1 damage, and have 3/16 hp.
You hit the jackal.
The jackal is severely wounded.
You hit the giant cockroach but do no damage.
The jackal barely misses you.
The giant cockroach bites you but does no damage.
The giant cockroach bites you.
* * * LOW HITPOINT WARNING * * *
You take 1 damage, and have 2/16 hp.
You hit the jackal but do no damage.
The jackal is severely wounded.
You hit the giant cockroach but do no damage.
The jackal bites you but does no damage.
The giant cockroach bites you but does no damage.
The jackal barely misses you.
Unknown command.
You hit the giant cockroach but do no damage.
The giant cockroach is moderately wounded.
You barely miss the jackal. You hit the jackal. The jackal barely misses you.
The jackal completely misses you. The giant cockroach closely misses you.
The jackal closely misses you.
Unknown command.
You barely miss the jackal.
The jackal is moderately wounded.
You closely miss the jackal.
You hit the giant cockroach but do no damage.
The jackal closely misses you. The giant cockroach bites you.
You die... ██████

█..§§█
████████.§≈§███
█....sh∆.§§§∆.█
████....h@∆.§≈§∆<█
█...!.)████.§§.███
█..██..$█ █.§§§█
█...█


██████ █.... ..... █h█.... ....... .█..█████ You could see 2 jackals and a giant
cockroach.

Vanquished Creatures
  A giant cockroach (D:1)
  A hobgoblin (D:1)
  A kobold (D:1)
  A rat (D:1)
4 creatures vanquished.

Notes
Turn   | Place    | Note
-------+----------+-------------------------------------------
     0 | D:1      | Goblin1989 the Demonspawn Warper began the quest for the Orb.
     0 | D:1      | Reached XP level 1. HP: 16/16 MP: 3/3
    62 | D:1      | Slain by a giant cockroach

Vault maps used:
D:1:      lightli_arrival_lavapool

Skill      XL: |  1 |
---------------+----+-----
Axes           | 2 |  2.1
Fighting       | |  2.0
Throwing       | |  0.8
Armour         | |  0.8
Dodging        | |  1.7
Spellcasting   | |  2.0
Translocations | |  2.6

Action                   || total
-------------------------++-------
Melee: Hand axe          ||    22
Armor: Leather armour    ||    11
Dodge: Dodged            ||    28

Table legend:
 A = Spawn XP
 B = Non-spawn XP
 C = Spawn XP percentage of total XP
 D = Spawn monster count
 E = Non-spawn monster count
 F = Spawn count percentage of total count
 G = Total turns spent on level
                    A         B        C        D         E        F      G
               +---------+---------+-------+---------+---------+-------+---------
         Total |       0 |       6 |   0.0 |       0 |       4 |   0.0 |    62
               +---------+---------+-------+---------+---------+-------+---------
           D:1 |       0 |       6 |   0.0 |       0 |       4 |   0.0 |    62
               +---------+---------+-------+---------+---------+-------+---------

Vault maps used:
D:1:      lightli_arrival_lavapool
